 Dungeon Crawl Stone Soup version 0.31-a0-182-gc5ef74bbde (webtiles) character file.

Game seed: 7414332488860341312

74 qw the Chopper (level 4, -2/28 HPs)
             Began as a Gargoyle Fighter on June 20, 2023.
             Slain by a gnoll
             ... wielding a +0 mace
              (4 damage)
             ... on level 2 of the Dungeon.
             The game lasted 00:00:41 (1493 turns).

qw the Chopper (Gargoyle Fighter)                   Turns: 1493, Time: 00:00:41

Health: -2/28      AC: 15    Str: 21    XL:     4   Next: 28%
Magic:  4/4        EV:  5    Int:  9    God:
Gold:   67         SH:  4    Dex:  9    Spells: 3/3 levels left

rFire   . . .        Y - +0 war axe
rCold   . . .        c - +0 buckler
rNeg    + . .        l - +0 plate armour
rPois   inf          (no helmet)
rElec   +            (no cloak)
rCorr   .            (no gloves)
SInv    .            (no boots)
Will    .....        (no amulet) Stlth
                     (no ring)
HPRegen 0.24/turn    (no ring)
MPRegen 0.09/turn

%: no passive effects
@: no status effects
A: sickness immunity, AC +3, negative energy resistance 1, electricity
resistance, torment resistance 1, petrification resistance
a: no special abilities


You were on level 2 of the Dungeon.
You visited 1 branch of the dungeon, and saw 2 of its levels.

You collected 67 gold pieces.


Innate Abilities, Weirdness & Mutations

You are immune to sickness and miasma.
Your stone body is resilient. (AC +3)
You are immune to poison.
You resist negative energy. (rN+)
You are resistant to electric shocks. (rElec)
You are resistant to unholy torment.
You are immune to petrification.


   Skills:
 - Level 3.2 Fighting
 + Level 4.0 Axes
 - Level 3.2 Armour
 - Level 3.2 Shields


You had 3 spell levels left.
You didn't know any spells.
Your spell library was empty.

Inventory:

Hand Weapons
 m - a +0 mace
 Y - a +0 war axe (weapon)
Missiles
 g - 2 boomerangs (quivered)
Armour
 c - a +0 buckler (worn)
 l - a +0 plate armour (worn)
Jewellery
 b - a ring of fire
Scrolls
 h - a scroll of blinking {unknown}
 i - a scroll of brand weapon {unknown}
 k - a scroll of teleportation {unknown}
Potions
 a - a potion of haste {unknown}
 d - 2 potions of might
 e - a potion of ambrosia {unknown}
 f - a potion of berserk rage {unknown}
 j - a potion of enlightenment {unknown}
 n - a potion of lignification {unknown}

Dungeon Overview and Level Annotations

Branches:
Dungeon (2/15)

Altars:

Shops:
D:1 ?


Message History

You kill the kobold!
The gnoll hits you but does no damage.
The gnoll throws an atropa-tipped dart.
The atropa-tipped dart hits you.
You are unaffected.
You have reached level 4!
You feel clever. The gnoll hits you with a +0 spear.
The gnoll throws an atropa-tipped dart.
The atropa-tipped dart hits you!
You are unaffected.
Enter note:
Enter note:
Enter note:
Enter note:
Enter note:
Enter note:
Enter note:
Enter note:
Enter note: You hit the gnoll.
The gnoll is lightly wounded.
The gnoll hits you with a +0 spear.
You closely miss the gnoll.
The gnoll is lightly wounded.
You hit the gnoll. The gnoll hits you with a +0 spear.
You block the gnoll's attack. The gnoll hits you but does no damage.
The gnoll barely misses you.
You slash the gnoll!
The gnoll is almost dead.
You hit the gnoll but do no damage. You block the gnoll's attack.
The gnoll hits you with a +0 mace.
You barely miss the gnoll.
The gnoll is almost dead.
You hit the gnoll but do no damage. The gnoll hits you but does no damage.
The gnoll hits you with a +0 mace.
You slash the gnoll!
You kill the gnoll!
You hit the gnoll. The gnoll hits you but does no damage.
The gnoll hits you with a +0 mace.
Your Axes skill increases to level 4!
You closely miss the gnoll.
The gnoll is heavily wounded.
The gnoll hits you with a +0 mace.
You die...

#.##.....#........#
...
#..#.....#........%
...
#........###.###.#.
.... #.##.###.#
#....... .....#.
#..##.# #.###.#.
.....#. ##..#.# #.#
#.#.
.......####...###.#
#...
......)g..)........
....
..#.@...######.#
#...
.......)...######.#
#...
#...#.............#
#...
#.#........########
#... # ###......#
.... #......# #.#.
#......# #.
#......# #......# #


You could see a gnoll.

Vanquished Creatures
  An adder (D:2)
  2 gnolls (D:2)
  3 dart slugs
  2 endoplasms (D:1)
  3 giant cockroaches
  4 goblins
  6 hobgoblins
  2 quokkas
  4 ball pythons
  4 bats
  6 frilled lizards
  3 kobolds
40 creatures vanquished.

Notes
Turn   | Place    | Note
-------+----------+-------------------------------------------
     0 | D:1      | qw the Gargoyle Fighter began the quest for the Orb.
     0 | D:1      | Reached XP level 1. HP: 14/14 MP: 1/1
     0 | D:1      | 0 ||| qw: Version: 0.3-a-9-g12657ce
     0 | D:1      | 0 ||| qw: Game counter: 1301
     0 | D:1      | 0 ||| qw: Always use a shield: true
     0 | D:1      | 0 ||| qw: God list: Okawaru
     0 | D:1      | 0 ||| qw: Allow faded altars: false
     0 | D:1      | 0 ||| qw: Do Orc after D:15 true
     0 | D:1      | 0 ||| qw: Do second Lair branch before Depths: true
     0 | D:1      | 0 ||| qw: Lair rune preference: random
     0 | D:1      | 0 ||| qw: Plans: Normal, Zot:1-4, Slime:5, God:TSO, Crypt,
                  | Tomb, Abyss, Pan, Hells, Win
     0 | D:1      | 0 ||| PLANNING D:1-11
    59 | D:1      | 59 ||| Stepping ~*~*~tactically~*~*~ (hiding).
   185 | D:1      | Reached skill level 2 in Axes
   257 | D:1      | Reached XP level 2. HP: 13/19 MP: 2/2
   439 | D:1      | 439 ||| Stepping ~*~*~tactically~*~*~ (stealth).
   475 | D:1      | 475 ||| Stepping ~*~*~tactically~*~*~ (stealth).
   479 | D:1      | 479 ||| Stepping ~*~*~tactically~*~*~ (stealth).
   481 | D:1      | 481 ||| Stepping ~*~*~tactically~*~*~ (stealth).
   484 | D:1      | 484 ||| Stepping ~*~*~tactically~*~*~ (stealth).
   485 | D:1      | 485 ||| Stepping ~*~*~tactically~*~*~ (stealth).
   487 | D:1      | 487 ||| Stepping ~*~*~tactically~*~*~ (stealth).
   488 | D:1      | 488 ||| Stepping ~*~*~tactically~*~*~ (stealth).
   489 | D:1      | 489 ||| Stepping ~*~*~tactically~*~*~ (stealth).
   495 | D:1      | 495 ||| Stepping ~*~*~tactically~*~*~ (stealth).
   496 | D:1      | 496 ||| Stepping ~*~*~tactically~*~*~ (stealth).
   497 | D:1      | 497 ||| Stepping ~*~*~tactically~*~*~ (stealth).
   625 | D:1      | 625 ||| Stepping ~*~*~tactically~*~*~ (stealth).
   626 | D:1      | 626 ||| Stepping ~*~*~tactically~*~*~ (stealth).
   628 | D:1      | 628 ||| Stepping ~*~*~tactically~*~*~ (stealth).
   629 | D:1      | 629 ||| Stepping ~*~*~tactically~*~*~ (stealth).
   632 | D:1      | Found Qyneux's Magic Scroll Shop.
   636 | D:1      | 636 ||| Stepping ~*~*~tactically~*~*~ (stealth).
   641 | D:1      | Reached skill level 3 in Axes
   644 | D:1      | 644 ||| SHOPLISTING scroll of identify (24 gold, have 22).
   697 | D:1      | Reached XP level 3. HP: 23/23 MP: 3/3
   823 | D:1      | 823 ||| Stepping ~*~*~tactically~*~*~ (hiding).
  1034 | D:1      | 1034 ||| DROPPING orb of energy.
  1035 | D:1      | 1035 ||| UPGRADING to +0 plate armour.
  1045 | D:1      | 1045 ||| DROPPING +0 scale mail.
  1046 | D:1      | 1046 ||| READING scroll labelled ERIRIP UT EVE.
  1047 | D:1      | 1047 ||| READING scroll labelled LOALOIF NOMUTU.
  1299 | D:2      | 1299 ||| DROPPING +0 club.
  1310 | D:2      | 1310 ||| Stepping ~*~*~tactically~*~*~ (hiding).
  1387 | D:2      | Identified the +3 spear "Voymuschi" {holy, rN++ MP+9 Int+2
                  | Dex-5}
  1487 | D:2      | Reached XP level 4. HP: 20/28 MP: 4/4
  1491 | D:2      | HP: 5/28 [gnoll/+0 mace (4)]
  1492 | D:2      | HP: 2/28 [gnoll/+0 mace (3)]
  1493 | D:2      | Reached skill level 4 in Axes
  1493 | D:2      | Slain by a gnoll

Levels and vault maps discovered:
D:1:      kennysheep_arrival_seaside, layout_loops_cross, serial_shops, shop,
          nicolae_eternal_life, nrook_mini_vaults
D:2:      layout_basic

Skill      XL: |  1  2  3  4 |
---------------+-------------+-----
Axes           | 2 3 4 |  4.0
Fighting       | |  3.2
Armour         | |  3.2
Shields        | |  3.2

Action                     |  1- 3 |  4- 6 || total
---------------------------+-------+-------++-------
  Melee: War axe           |    77 |     6 ||    83
  Throw: Boomerang         |    44 |       ||    44
    Use: Scroll            |     2 |       ||     2
 Armour: Scale mail        |    31 |       ||    31
         Plate armour      |    26 |     3 ||    29
  Dodge: Dodged            |    31 |     1 ||    32
  Block: Buckler           |    23 |     2 ||    25

Table legend:
 A = Non-vault XP
 B = Vault XP
 C = Vault XP percentage of total XP
 D = Non-vault monster count
 E = Vault monster count
 F = Vault count percentage of total count
                 A         B        C        D         E       F
            +---------+---------+-------+---------+---------+-------
      Total |     106 |       0 |   0.0 |      40 |       0 |   0.0
            +---------+---------+-------+---------+---------+-------
        D:1 |      42 |       0 |   0.0 |      24 |       0 |   0.0
        D:2 |      64 |       0 |   0.0 |      16 |       0 |   0.0
            +---------+---------+-------+---------+---------+-------
